AoeStats
← wascue

Nomad

507777993Analyzed
4v4 RM · 12d ago on Sep 19, 2026· 43m 47s· 8 players
Game mode
Random Map
Map size
231×231
Population
200
Speed
Normal
Resources
Standard
Victory
Conquest
Starting age
Dark Age
Ending age
Imperial Age
RankedLock teamsTeams togetherTeam positionsShared explorationLock speedFull tech treeHidden civsTurbo modeCheats
Victory
Defeat
🇨🇴 Poles · Colombia
1023
+13
🇨🇦 Mongols · Canada
1013
+13
🇦🇷 Persians · Argentina
904
+18
🇧🇷 Lithuanians · Brazil
891
+19
🇦🇹 Koreans · Austria
1022
-18
🇪🇸 Magyars · Spain
953
-16
🇪🇸 Bulgarians · Spain
926
-15
🇹🇷 Spanish · Türkiye
900
-14
RojoJT
14:51 Feudal Age
14:50 Loom
18:34 Scale Barding Armor
19:01 Bloodlines
28:21 Castle Age
29:47 Fletching
30:25 Padded Archer Armor
31:41 Double-Bit Axe
32:51 Bodkin Arrow
34:13 Leather Archer Armor
36:19 Bow Saw
36:41 Horse Collar
38:47 Thumb Ring
marin.nikolaev9
6:57 Loom
19:12 Feudal Age
20:33 Wheelbarrow
28:58 Castle Age
27:12 Stone Mining
[OIDA] NoTradeBeforeImp
3:47 Loom
14:42 Feudal Age
15:18 Town Watch
19:52 Double-Bit Axe
22:52 Castle Age
21:00 Gold Mining
21:05 Stone Mining
22:28 Wheelbarrow
21:50 Fletching
22:26 Fishing Lines
24:00 Bodkin Arrow
24:51 Medium Warships
24:33 Gillnets
25:57 Bow Saw
27:34 Pikeman
28:14 Squires
29:17 Scale Mail Armor
29:27 Forging
32:53 Ballistics
36:05 Eupseong
wascue
15:36 Feudal Age
16:27 Double-Bit Axe
17:19 Wheelbarrow
16:37 Horse Collar
17:20 Fishing Lines
22:00 Loom
25:24 Castle Age
23:56 Stone Mining
24:33 Gold Mining
26:25 Hand Cart
26:23 Bow Saw
26:16 Heavy Plow
26:50 Husbandry
27:00 Bloodlines
28:20 Gillnets
35:35 Light Cavalry
Ruler Bot
4:53 Loom
13:42 Feudal Age
14:13 Horse Collar
14:21 Double-Bit Axe
15:13 Wheelbarrow
16:54 Bloodlines
18:12 Forging
19:57 Scale Barding Armor
26:28 Castle Age
26:36 Light Cavalry
27:16 Husbandry
27:50 Bow Saw
28:01 Heavy Plow
30:14 Chain Barding Armor
31:35 Fletching
32:48 Thumb Ring
32:04 Elite Skirmisher
33:29 Bodkin Arrow
34:46 Padded Archer Armor
36:28 Leather Archer Armor
38:13 Hand Cart
43:04 Ballistics
42:27 Treadmill Crane
MacFrost
7:54 Loom
13:20 Feudal Age
13:36 Feudal Age
15:09 Double-Bit Axe
21:53 Castle Age
21:29 Fletching
21:40 Padded Archer Armor
22:38 Bodkin Arrow
22:59 Bow Saw
25:02 Thumb Ring
28:58 Ballistics
40:45 Imperial Age
38:53 Wheelbarrow
41:49 Bracer
42:05 Leather Archer Armor
42:52 Chemistry
41:58 Siege Engineers
42:46 Conscription
Cara do Tapinha
6:17 Loom
13:09 Feudal Age
19:33 Bloodlines
22:30 Fletching
27:03 Castle Age
25:39 Scale Barding Armor
27:28 Forging
29:26 Iron Casting
29:37 Husbandry
Kryztox9122
7:49 Loom
16:07 Feudal Age
19:10 Stone Mining
20:23 Wheelbarrow
22:15 Castle Age
20:49 Double-Bit Axe
21:48 Bloodlines
21:35 Gold Mining
24:19 Stone Shaft Mining
24:10 Fishing Lines
25:18 Fletching
28:30 Bow Saw
28:46 Town Watch
29:27 Ballistics
30:30 Arson
30:40 Horse Collar
32:15 Gold Shaft Mining
35:37 Heavy Plow
35:35 Bodkin Arrow
36:40 Scale Barding Armor
36:47 Forging
36:40 Husbandry
43:06 Imperial Age
42:55 Iron Casting
42:40 Chain Barding Armor
42:47 Fervor
43:12 Hand Cart
43:59 Conscription
44:28 Crop Rotation
Connection lost

Rejoining the realm…

Still unreachable

The connection could not be restored.

Session expired

The server has moved on; the page needs a fresh start.